cohdb
Replays
Latest Replays
All Replays
Popular Replays
Top Player Replays
Match Explorer
How It Works
Community
CoH3 Stats
Reddit
Sign in to upload your games and track your stats! →
Sign in with Steam
Match 38412718
Unlisted
Match 38412718
Overview
Messages
Build Orders
End
Construct Infanterie Kompanie
Grenadier Squad
Grenadier Squad
Grenadier Squad
Grenadier Squad
Medical Station
Construct Luftwaffe Kompanie
Jäger Squad
Jäger Squad
Pioneer Squad
Construct Panzer Kompanie
Selects Mechanized Battlegroup
Selects Raid Package
Selects 8 Rad Armored Car
Selects UNKNOWN (2160084)
Panther Heavy Tank
Selects Spotting Scopes
MG 42 Machine Gun Team
Sturmpanzer IV Brummbär
Panzer Officer Quarters
Selects Wespe Self-propelled Artillery
Selects Zeroing Artillery Barrage
Wespe Self-propelled Artillery
Luftwaffe Officer Quarters
Selects Zeroing Artillery Barrage
Zeroing Artillery Barrage
Zeroing Artillery Barrage
BROKEN
Cyb/R
BIOHAZARD
Sauzer88
0
0
Comments
sign in to comment!
No comments posted yet!